 Dungeon Crawl Stone Soup version 0.24-a0-445-gd5110b030a (webtiles) character file.

Game seed: 11886211965851704002

742 HAL9000 the Changer (level 7, -9/52 HPs)
             Began as a Grey Draconian Transmuter on June 22, 2019.
             Mangled by Duvessa
             ... wielding a +0 rapier
              (13 damage)
             ... on level 4 of the Dungeon.
             The game lasted 00:07:48 (5195 turns).

HAL9000 the Changer (Grey Draconian Transmuter)     Turns: 5195, Time: 00:07:49

Health: -9/52      AC:  2    Str: 13    XL:     7   Next: 47%
Magic:  0/10       EV: 19    Int: 14    God:
Gold:   229        SH:  0    Dex: 17    Spells: 4/10 levels left

rFire    . . .     SeeInvis .     - Unarmed
rCold    . . .     Gourm    .   (shield currently unavailable)
rNeg     . . .     Faith    .   (armour unavailable)
rPois    x         Spirit   .   (helmet currently unavailable)
rElec    .         Reflect  .   (cloak currently unavailable)
rCorr    .         Harm     .   (gloves currently unavailable)
MR       .....                  (boots currently unavailable)
Stlth    ++........             (no amulet)
HPRegen  0.17/turn              (no ring)
MPRegen  0.12/turn              (no ring)

@: spider-form (expiring)
A: tiny, (walk through water), unfitting armour, AC +11
a: End Transformation


You were on level 4 of the Dungeon.
You were hungry.
You were a venomous arachnid creature.
You visited 1 branch of the dungeon, and saw 4 of its levels.

You collected 229 gold pieces.

Inventory:

Missiles
 a - 26 arrows
Armour
 l - a +0 pair of boots (melded)
 p - a +0 cloak (melded)
Wands
 t - a wand of random effects (15)
Scrolls
 d - 3 scrolls of amnesia {unknown}
 f - 2 scrolls of identify {unknown}
 h - a scroll of fog {unknown}
 k - 2 scrolls of enchant armour {unknown}
 m - a scroll of remove curse {unknown}
 s - a scroll of magic mapping {unknown}
Potions
 b - 2 potions of flight {unknown}
 e - 2 potions of curing
 g - 4 potions of brilliance {unknown}
 i - 2 potions of agility {unknown}
 j - a potion of might {unknown}
 n - a potion of haste {unknown}
 o - a potion of ambrosia {unknown}
 r - a potion of magic {unknown}
Comestibles
 c - 5 rations
 q - 3 chunks of flesh


   Skills:
 - Level 1.1 Fighting
 - Level 1.7 Dodging
 - Level 5.2 Unarmed Combat
 - Level 2.0 Spellcasting
 + Level 7.4 Transmutations


You had 4 spell levels left.
You knew the following spells:

 Your Spells              Type           Power        Failure   Level  Hunger
a - Beastly Appendage     Tmut           ###...       5%          1    ##.....
b - Sticks to Snakes      Tmut           ###.....     8%          2    ###....
c - Spider Form           Tmut/Pois      ##........   34%         3    ####...

Your spell library contained the following spells:

 Spells                   Type           Power        Failure   Level  Hunger
 Magic Dart               Conj           #...         45%         1    ##.....
 Searing Ray              Conj           #.....       56%         2    ###....
 Ice Form                 Ice/Tmut       ##......     67%         4    #####..
 Dazzling Spray           Conj/Hex       #.....       77%         3    ####...
 Force Lance              Conj/Tloc      #.......     98%         4    #####..
 Fulminant Prism          Conj/Hex       #.........   98%         4    #####..
 Iskenderun's Mystic Bla  Conj           #.......     98%         4    #####..
 Blade Hands              Tmut           ###.......   54%         5    ######.


Dungeon Overview and Level Annotations

Branches:
Dungeon (4/15)
 Temple: D:4-7

Altars:

Annotations:
D:4 Duvessa


Innate Abilities, Weirdness & Mutations

((You can walk through water.))
((Your dull iron-grey scales are very hard. (AC +11)))
You cannot fit into any form of body armour.
((You can survive without breathing.))
((You are cold-blooded and may be slowed by cold attacks.))


Message History

Confirm with . or Enter, or press ? or * to list all spells.
You turn into a venomous arachnid creature.
Your +0 cloak melds into your body.
Your +0 pair of boots melds into your body.
Duvessa hits you with a +0 rapier! x2
* * * LOW HITPOINT WARNING * * *
You hit Duvessa but do no damage.
Duvessa looks as sick as possible!
Duvessa is heavily wounded.
Duvessa barely misses you.
You are feeling hungry.
You hit Duvessa.
Duvessa looks as sick as possible!
Duvessa is severely wounded.
Duvessa hits you with a +0 rapier!
* * * LOW HITPOINT WARNING * * *
Unknown command.
Okay, then.
Duvessa hits you but does no damage.
Your transformation is almost over.
Duvessa hits you with a +0 rapier!
You die...

#............#........
#............#........
#..).........'........
#.....##...###..##..##
#.....########'###<.##
#.....)'...#.....Z....
#......#...#..........
#....e.#...#..........
#....s.#...#..........
#......#...#..........
#.....####.##.########
#.....####.##.#
#..............
#..)..........
#.)..........
#<....####..#
#####'####..###


You could see Duvessa (berserk).

Vanquished Creatures
  Sigmund (D:2)
  A centaur (D:4)
  Dowan (D:4)
  A howler monkey (D:4)
  2 hounds
  An orc priest (D:3)
  Crazy Yiuf (D:2)
  2 orc wizards
  Ijyb (D:4)
  Natasha (thrice) (D:2)
  An iguana (D:4)
  A worker ant (D:4)
  2 adders
  3 worms
  4 leopard geckos
  3 orcs
  3 giant cockroaches
  13 hobgoblins
  7 jackals
  A quokka (D:2)
  6 bats
  4 frilled lizards
  5 kobolds
  7 rats
74 creatures vanquished.

Vanquished Creatures (collateral kills)
  A hound (D:4)
  An orc (D:4)
  A giant cockroach (D:4)
  A ball python (D:4)
4 creatures vanquished.

Grand Total: 78 creatures vanquished

Notes
Turn   | Place    | Note
-------+----------+-------------------------------------------
     0 | D:1      | HAL9000 the Draconian Transmuter began the quest for the
                  | Orb.
     0 | D:1      | Reached XP level 1. HP: 16/16 MP: 3/3
   677 | D:1      | Reached XP level 2. HP: 23/23 MP: 3/5
  1330 | D:2      | Noticed Natasha
  1359 | D:2      | Noticed a crimson imp
  1372 | D:2      | Killed Natasha
  1372 | D:2      | Reached XP level 3. HP: 22/28 MP: 6/6
  1436 | D:2      | Learned a level 2 spell: Sticks to Snakes
  1440 | D:2      | Learned a level 3 spell: Spider Form
  1467 | D:2      | Noticed Natasha
  1478 | D:2      | Killed Natasha
  1478 | D:2      | Reached skill level 5 in Unarmed Combat
  1478 | D:2      | Reached XP level 4. HP: 35/35 MP: 7/7
  1539 | D:2      | Noticed Natasha
  1549 | D:2      | Killed Natasha
  1955 | D:2      | Noticed Sigmund
  2302 | D:2      | Killed Sigmund
  2302 | D:2      | Reached skill level 4 in Transmutations
  2302 | D:2      | Reached XP level 5. HP: 32/40 MP: 5/8
  2302 | D:2      | Reached XP level 6. HP: 37/47 MP: 5/9
  2508 | D:2      | Found a runed translucent door.
  2509 | D:2      | Noticed Crazy Yiuf
  2574 | D:2      | Killed Crazy Yiuf
  2574 | D:2      | Reached skill level 5 in Transmutations
  3798 | D:4      | Noticed Ijyb
  3811 | D:4      | Killed Ijyb
  3887 | D:4      | Reached skill level 6 in Transmutations
  4252 | D:4      | Noticed Duvessa
  4252 | D:4      | Noticed Dowan
  4425 | D:4      | Your scales start taking on a dull iron-grey colour.
  4425 | D:4      | Reached XP level 7. HP: 41/52 MP: 6/10
  4425 | D:4      | Gained mutation: You can survive without breathing. [Grey
                  | Draconian growth]
  4985 | D:3      | Reached skill level 7 in Transmutations
  5180 | D:4      | Killed Dowan
  5195 | D:4      | Mangled by Duvessa

Levels and vault maps discovered:
D:1:      arrival_zaba_pyramid, layout_basic
D:2:      layout_basic, uniq_sigmund, uniq_natasha, uniq_crazy_yiuf_cottage
D:3:      layout_loops_ring
D:4:      layout_gridville, minmay_temple_entry_glass, first_ration,
          fedhas_bush_and_centaur_altar, uniq_duvessa, uniq_ijyb

Skill      XL: |  1  2  3  4  5  6  7 |
---------------+----------------------+-----
Unarmed Combat | 4 5 |  5.2
Transmutations | 4 6 7 |  7.4
Fighting       | |  1.1
Dodging        | |  1.7
Spellcasting   | |  2.0

Action                   |  1- 3 |  4- 6 |  7- 9 || total
-------------------------+-------+-------+-------++-------
Melee: Unarmed           |    90 |   183 |    65 ||   338
       Tailslap          |     9 |    18 |     4 ||    31
       Headbutt          |     6 |    18 |       ||    24
       Punch             |     4 |     2 |       ||     6
       Kick              |     1 |       |       ||     1
 Cast: Beastly Appendage |    12 |    20 |       ||    32
       Spider Form       |       |     6 |     4 ||    10
       Sticks to Snakes  |       |     9 |     3 ||    12
  Use: Potion            |       |     2 |       ||     2
  Eat: Chunk             |     2 |    10 |     4 ||    16
Armor: Skin              |    26 |    47 |    17 ||    90
Dodge: Dodged            |    57 |   131 |    71 ||   259

Table legend:
 A = Non-vault XP
 B = Vault XP
 C = Vault XP percentage of total XP
 D = Non-vault monster count
 E = Vault monster count
 F = Vault count percentage of total count
                 A         B        C        D         E       F
            +---------+---------+-------+---------+---------+-------
      Total |     565 |     496 |  46.7 |      72 |       6 |   7.7
            +---------+---------+-------+---------+---------+-------
        D:1 |      27 |       0 |   0.0 |      18 |       0 |   0.0
        D:2 |     131 |     302 |  69.7 |      25 |       3 |  10.7
        D:3 |     161 |       0 |   0.0 |      16 |       0 |   0.0
        D:4 |     246 |     194 |  44.1 |      13 |       3 |  18.8
            +---------+---------+-------+---------+---------+-------
